 Dungeon Crawl Stone Soup version 0.30-a0-341-g682706514a (webtiles) character file.

Game seed: 12126710229924057724

3516 Hubris850 the Grappler (level 9, -2/68 HPs)
             Began as a Minotaur Gladiator on Nov 1, 2022.
             Was a Priest of Makhleb.
             Slain by an orc warrior
             ... wielding a +0 war axe
              (8 damage)
             ... in a bailey.
             The game lasted 00:16:50 (7358 turns).

Hubris850 the Grappler (Minotaur Gladiator)         Turns: 7358, Time: 00:16:50

Health: -2/68      AC: 10    Str: 20 (22) XL:     9   Next: 81%
Magic:  8/8        EV: 12    Int:  8 (9)  God:    Makhleb [***...]
Gold:   575        SH:  0    Dex: 10 (11) Spells: 8/8 levels left

rFire   . . .      SeeInvis +      - Unarmed
rCold   . . .      Faith    +    (no shield)
rNeg    . . .      Spirit   .    v - +0 steam dragon scales
rPois   .          Reflect  .    (helmet unavailable)
rElec   .          Harm     .    R - +0 cloak
rCorr   .          Rampage  .    (no gloves)
Will    .....      Clarity  +    (no boots)
Stlth   +.........               i - amulet of faith
HPRegen 0.31/turn                I - ring of see invisible
MPRegen 0.11/turn                w - +4 ring of protection

@: mighty
A: horns 3, retaliatory headbutt, clarity, clever 1
a: Renounce Religion, Minor Destruction, Lesser Servant of Makhleb


You were in a bailey.
You worshipped Makhleb.
Makhleb was most pleased with you.
You visited 1 branch of the dungeon, and saw 8 of its levels.
You also visited: Sewer and Bailey.

You collected 575 gold pieces.

Inventory:

Hand Weapons
 q - a +3 dagger of protection
Missiles
 c - 4 throwing nets
 u - 17 boomerangs (quivered)
 x - 18 poisoned darts
Armour
 a - a +0 leather armour
 b - a +0 hat
 e - a +0 scale mail
 v - +0 steam dragon scales (worn)
 R - a +0 cloak (worn)
Jewellery
 g - a ring of protection from cold
 i - an amulet of faith (around neck)
 j - a ring of wizardry
 w - a +4 ring of protection (right hand)
 I - a ring of see invisible (left hand)
 J - a +6 ring of intelligence
 N - a ring of ice
 O - an amulet of guardian spirit
Wands
 C - a wand of flame (19)
 H - a wand of digging (5)
Scrolls
 h - 2 scrolls of brand weapon {unknown}
 m - 8 scrolls of identify {unknown}
 p - a scroll of teleportation {unknown}
 r - 2 scrolls of magic mapping {unknown}
 y - a scroll of blinking {unknown}
 B - a scroll of butterflies {unknown}
 E - 2 scrolls of fear {unknown}
 K - a scroll of enchant weapon {unknown}
 L - a scroll of noise {unknown}
 S - 2 scrolls of poison {unknown}
Potions
 f - 4 potions of curing
 k - 2 potions of mutation
 l - 2 potions of cancellation
 n - 4 potions of heal wounds
 s - 4 potions of haste
 t - a potion of attraction
 z - 3 potions of brilliance
 F - a potion of might
 G - 2 potions of degeneration
 M - a potion of resistance {unknown}
 P - 2 potions of magic {unknown}
 Q - 2 potions of invisibility {unknown}


   Skills:
 - Level 2.4 Fighting
 + Level 8.4 Throwing
 - Level 3.2 Dodging
 * Level 12.9 Unarmed Combat


You had 8 spell levels left.
You didn't know any spells.
Your spell library contained the following spells:

 Spells                   Type           Power      Damage    Failure   Level
 Slow                     Hex            0%         N/A       41%         1
 Confusing Touch          Hex            0%         N/A       78%         3
 Inner Flame              Hex/Fire       0%         N/A       78%         3
 Vampiric Draining        Necr           0%         2d6       78%         3
 Cause Fear               Hex            0%         N/A       99%         4
 Leda's Liquefaction      Hex/Erth       0%         N/A       99%         4
 Lee's Rapid Deconstruct  Erth           0%         3d4*      100%        5
 Statue Form              Tmut/Erth      0%         N/A       100%        6
 Discord                  Hex            0%         N/A       100%        8


Dungeon Overview and Level Annotations

Branches:
Dungeon (8/15)             Temple (0/1) D:6           Sewer (visited)
 Bailey (1/1)
   Lair: D:8-11

Altars:
Makhleb
Nemelex Xobeh
Qazlal
Sif Muna
Vehumet
Xom
The Shining One

Shops:
D:1 :


Innate Abilities, Weirdness & Mutations

You have a pair of large horns on your head.
You reflexively headbutt those who attack you in melee.
You possess an exceptional clarity of mind.
Your mind is acute. (Int +4, Str/Dex -1)


Message History

The curare-tipped dart hits the orc knight.
The orc knight is poisoned.
The orc knight convulses.
The orc knight seems to slow down.
The orc knight is lightly wounded.
An orc comes into view. It is wielding a +0 halberd.
The orc knight roars a battlecry!
The orcs go into a battle-frenzy!
Okay, then.
Throw: javelin
Press: ? - help, Shift-Dir - straight line, f/p - orc knight
Aim: an orc knight, wielding a +0 halberd and wearing a +0 crystal plate armour (lightly wounded, very poisoned, slow, 62% to hit)
Okay, then.
The orc shouts!
You hear a shout! x2
The orc knight roars a battlecry!
You barely miss the orc warrior. The orc warrior misses you.
The orc warrior hits you from afar with a +0 glaive.
Throw: javelin
Press: ? - help, Shift-Dir - straight line, f/p - orc knight
Aim: an orc knight, wielding a +0 halberd and wearing a +0 crystal plate armour (lightly wounded, very poisoned, slow, 62% to hit)
You throw a javelin.
The javelin barely misses the orc warrior.
The javelin closely misses the orc.
The javelin closely misses the orc knight.
The orc warrior hits you from afar with a +0 glaive!!
The orc warrior closely misses you.
Unknown command.
You closely miss the orc warrior. You completely miss the orc warrior.
You headbutt the orc warrior!!
The orc warrior is severely wounded.
The orc warrior hits you from afar with a +0 glaive!
The orc warrior hits you with a +0 war axe.
You barely miss the orc warrior.
The orc warrior is severely wounded.
The orc warrior barely misses you.
You punch the orc warrior!
The orc warrior is almost dead.
The orc warrior hits you from afar with a +0 glaive!!
* * * LOW HITPOINT WARNING * * *
The orc warrior hits you with a +0 war axe!
You die...

####### #####
##.....#########.....
#####.......#.....#......
....#..##...'...o.oo.#.(.
.)).)..8....'...@.o.o..((
..).#..##...'.....oo.#...
#####.......#.....#o.....
##.....#########.....
####### #####


You could see an orc knight (poisoned, slow), 4 orc warriors and 3 orcs.

Vanquished Creatures
  Prince Ribbit (D:7)
  Sigmund (D:4)
  A steam dragon (D:5)
  2 water moccasins
  5 orc warriors
  An ice beast (D:6)
  5 ogres
  2 centaurs
  6 kobold brigands
  A bullfrog (D:7)
  A scorpion (D:4)
  A howler monkey (D:6)
  5 orc priests
  A hound (D:5)
  A gnoll bouda (D:5)
  8 iguanas
  Ijyb (D:3)
  Terence (D:2)
  6 orc wizards
  Natasha (thrice) (D:3)
  13 gnolls
  7 adders
  3 river rats (Sewer)
  A shadow imp (D:8)
  2 white imps (D:6)
  An ufetubus (D:2)
  5 worms
  3 dart slugs
  34 orcs
  7 ball pythons
  5 endoplasms
  4 giant cockroaches
  7 goblins
  9 hobgoblins
  7 quokkas
  3 bats
  6 frilled lizards
  19 kobolds
  10 rats
199 creatures vanquished.

Vanquished Creatures (others)
  A plant (D:4)
1 creature vanquished.

Grand Total: 200 creatures vanquished

Notes
Turn   | Place    | Note
-------+----------+-------------------------------------------
     0 | D:1      | Hubris850 the Minotaur Gladiator began the quest for the
                  | Orb.
     0 | D:1      | Reached XP level 1. HP: 18/18 MP: 0/0
    33 | D:1      | Reached XP level 2. HP: 25/25 MP: 1/1
    62 | D:1      | Reached skill level 4 in Unarmed Combat
   233 | D:1      | Reached XP level 3. HP: 27/30 MP: 2/2
   335 | D:1      | Found Ryusia's Book Shoppe.
   750 | D:2      | Noticed Terence
   764 | D:2      | Killed Terence
   765 | D:2      | Reached XP level 4. HP: 10/37 MP: 3/3
   921 | D:2      | Reached skill level 5 in Unarmed Combat
  1428 | D:3      | Noticed Natasha
  1432 | D:3      | Killed Natasha
  1433 | D:3      | Reached XP level 5. HP: 42/42 MP: 4/4
  1486 | D:3      | Found a glowing drain.
  1496 | Sewer    | Entered a sewer
  1622 | Sewer    | Reached skill level 6 in Unarmed Combat
  1744 | Sewer    | Reached XP level 6. HP: 26/50 MP: 5/5
  1986 | Sewer    | Reached skill level 7 in Unarmed Combat
  2117 | Sewer    | Reached XP level 7. HP: 38/56 MP: 6/6
  2322 | D:3      | Noticed Natasha
  2330 | D:3      | Killed Natasha
  2373 | D:3      | Noticed Ijyb
  2387 | D:3      | Killed Ijyb
  2402 | D:3      | Found a burning altar of Makhleb.
  2527 | D:3      | Became a worshipper of Makhleb the Destroyer
  2629 | D:3      | Found a glowing golden altar of the Shining One.
  2896 | D:3      | Noticed Natasha
  2901 | D:3      | Killed Natasha
  2902 | D:3      | Reached skill level 8 in Unarmed Combat
  2971 | D:4      | Noticed Sigmund
  2977 | D:4      | Killed Sigmund
  2978 | D:4      | Reached skill level 5 in Throwing
  3130 | D:4      | Reached skill level 9 in Unarmed Combat
  3130 | D:4      | Reached XP level 8. HP: 38/62 MP: 7/7
  3267 | D:4      | Found a stormy altar of Qazlal.
  3301 | D:4      | Found a shimmering blue altar of Sif Muna.
  3517 | D:4      | Found a sparkling altar of Nemelex Xobeh.
  3839 | D:5      | Entered Level 5 of the Dungeon
  3896 | D:4      | Reached * piety under Makhleb
  4030 | D:5      | Reached skill level 10 in Unarmed Combat
  4787 | D:5      | Reached skill level 11 in Unarmed Combat
  4848 | D:5      | Reached ** piety under Makhleb
  4849 | D:5      | Reached XP level 9. HP: 60/68 MP: 8/8
  5311 | D:6      | Found a staircase to the Ecumenical Temple.
  5849 | D:6      | Found a radiant altar of Vehumet.
  6144 | D:7      | Found a shimmering altar of Xom.
  6144 | D:7      | Found a shimmering altar of Xom.
  6145 | D:7      | Found a shimmering altar of Xom.
  6145 | D:7      | Found a shimmering altar of Xom.
  6146 | D:7      | Found a shimmering altar of Xom.
  6152 | D:7      | Reached skill level 12 in Unarmed Combat
  6259 | D:7      | Noticed Prince Ribbit
  6272 | D:7      | Killed Prince Ribbit
  6822 | D:8      | Found a flagged portal.
  6835 | Bailey   | Entered a bailey
  6860 | Bailey   | Reached *** piety under Makhleb
  6894 | Bailey   | Gained mutation: You have a pair of large horns on your
                  | head. [potion of mutation]
  6894 | Bailey   | Gained mutation: You possess an exceptional clarity of
                  | mind. [potion of mutation]
  6894 | Bailey   | Gained mutation: Your mind is acute. (Int +4, Str/Dex -1)
                  | [potion of mutation]
  6899 | Bailey   | Noticed a smoke demon
  6932 | Bailey   | HP: 2/68 [orc warrior/+0 spear (6)]
  7345 | Bailey   | Noticed an orc knight
  7358 | Bailey   | Slain by an orc warrior

Illustrated notes

Levels and vault maps discovered:
D:1:      dpeg_arrival_pond, layout_rooms, serial_shops,
          nicolae_shop_behind_doors
D:2:      layout_loops_cross, uniq_terence
D:3:      layout_loops_ring, mainiacjoe_overflow_six_doors_small,
          lemuel_coloured_pillars_altar, gup_sewer_entry_bubbles, uniq_natasha,
          uniq_ijyb
D:4:      cheibrodos_old_hovel, layout_basic,
          mainiacjoe_overflow_small_starburst, nemelex_diamond_rough_becter,
          mainiacjoe_overflow_paths, uniq_sigmund
D:5:      layout_loops_corners
D:6:      layout_cave_pools, kennysheep_mini,
          minmay_temple_entry_statues_fountains, nicolae_fountain_basement
D:7:      layout_loops_ring, xom_redecorated, uniq_prince_ribbit1
D:8:      layout_basic, enter_bailey_3, uniq_joseph, uniq_pikel
Bailey:   bailey_polearm_5, bailey

Skill      XL: |  1  2  3  4  5  6  7  8  9 |
---------------+----------------------------+-----
Unarmed Combat | 4 5 6 7 9 11 12 | 12.9
Throwing       | 3 4 5 7 8 |  8.4
Fighting       | |  2.4
Dodging        | |  3.2

Action                   |  1- 3 |  4- 6 |  7- 9 || total
-------------------------+-------+-------+-------++-------
Melee: Unarmed           |    68 |   134 |   262 ||   464
       Headbutt          |    17 |    20 |    52 ||    89
       Punch             |     1 |     1 |    16 ||    18
       Dagger            |    18 |    16 |       ||    34
Throw: Dart              |       |       |     6 ||     6
       Boomerang         |       |       |    59 ||    59
       Javelin           |       |       |     1 ||     1
Invok: Lesser Servant of |       |       |     1 ||     1
  Use: Potion            |       |       |    15 ||    15
 Stab: Sleeping          |       |     1 |       ||     1
Armor: Leather armour    |     5 |       |       ||     5
       Scale mail        |    21 |     3 |       ||    24
       Steam dragon scal |       |    45 |    74 ||   119
Dodge: Dodged            |    51 |    73 |   178 ||   302

Table legend: (Time is in decaauts)
 A = Elapsed time spent in this place.
 B = Non-inter-level travel time spent in this place.
 C = Inter-level travel time spent in this place.
 D = Time resting spent in this place.
 E = Time spent auto-exploring this place.
 F = Levels seen in this place.
 G = Mean time per level.
                   A        B        C        D        E       F      G
               +--------+--------+--------+--------+--------+-----+--------+
         Total |   7438 |   7085 |    353 |   1139 |   4525 |  10 |  743.8 |
       Dungeon |   6038 |   5685 |    353 |    785 |   3848 |   8 |  754.8 |
         Sewer |    906 |    906 |      0 |      0 |    677 |   1 |  906.0 |
        Bailey |    493 |    493 |      0 |    354 |      0 |   1 |  493.0 |
               +--------+--------+--------+--------+--------+-----+--------+

Top non-repeatable levels by time:
     D:5: 1230 daAuts
     D:3: 1036 daAuts
     D:4: 979 daAuts
   Sewer: 906 daAuts
     D:7: 861 daAuts
     D:2: 764 daAuts
     D:6: 723 daAuts
  Bailey: 493 daAuts
     D:1: 407 daAuts
     D:8: 36 daAuts
